 Dungeon Sprint DCSS version 0.31-a0-845-g9abc20d24f (webtiles) character file.

Game seed: 7373205119253312118

5150 Conn the Thaumaturge (level 10, 0/60 HPs)
             Began as an Octopode Fire Elementalist on Oct 1, 2023.
             Was the Champion of Sif Muna.
             Killed by an exploding swamp dragon (26 damage)
             ... ignited by their inner flame
             ... in the Dungeon (Sprint VII: "The Pits").
             The game lasted 00:20:34 (2060 turns).

Conn the Thaumaturge (Octopode Fire Elementalist)   Turns: 2060, Time: 00:20:38

Health: 0/60       AC:  1    Str:  7    XL:     10   Next: 59%
Magic:  12/26      EV: 15    Int: 24    God:    Sif Muna [******]
Gold:   0          SH:  0    Dex: 17    Spells: 2/33 levels left

rFire   . . .        o - +2 rapier (elec)
rCold   . . .        (no shield)
rNeg    . . .        (helmet restricted)
rPois   .            (no amulet)
rElec   .            d - +3 ring of intelligence
rCorr   .            h - +3 ring of dexterity
SInv    .            (no ring)
Will    .....        (no ring)
Stlth   ++++         (no ring)
HPRegen 0.30/turn    (no ring)
MPRegen 0.20/turn    (no ring)
                     (no ring)

%: no teleportation
@: lethally poisoned (0 -> -34)
A: almost no armour, amphibious, 8 rings, camouflage 1, gelatinous body 1,
(nimble swimmer 1), tentacles
a: Renounce Religion, Channel Magic, Forget Spell, Divine Exegesis


You were in the Dungeon.
You worshipped Sif Muna.
Sif Muna was exalted by your worship.
You visited 1 branch

Inventory:

Hand Weapons
 g - a +2 dagger of draining
 l - a +4 dagger
 o - a +2 rapier of electrocution (weapon)
Jewellery
 d - a +3 ring of intelligence (left tentacle)
 h - a +3 ring of dexterity (right tentacle)
Scrolls
 i - 2 scrolls of vulnerability
 j - 5 scrolls of amnesia
Potions
 a - 5 potions of magic
 b - 8 potions of curing
 c - 7 potions of heal wounds
 e - 2 potions of berserk rage
 k - 2 potions of might
 m - a potion of haste
 n - a potion of brilliance


   Skills:
 + Level 1.7 Fighting
 + Level 2.5 Short Blades
 + Level 5.1 Dodging
 - Level 6.0 Stealth
 - Level 12.2 Spellcasting
 * Level 9.0 Conjurations
 - Level 3.0 Hexes
 + Level 2.2 Translocations
 + Level 11.7 Fire Magic
 + Level 3.0 Ice Magic
 - Level 5.0 Air Magic
 * Level 8.3 Earth Magic
 * Level 9.4 Invocations


You had 2 spell levels left.
You knew the following spells:

 Your Spells              Type           Power      Damage    Failure   Level
a - Foxfire               Conj/Fire      100%       2x1d9     1%          1
b - Scorch                Fire           100%       2d9       1%          2
c - Inner Flame           Hex/Fire       49%        N/A       1%          3
d - Flame Wave            Conj/Fire      59%        2d14      1%          4
e - Brom's Barrelling Bo  Conj/Erth      54%        2d7       1%          4
f - Freeze                Ice            100%       1d10      1%          1
g - Iskenderun's Mystic   Conj/Tloc      41%        2d9       4%          4
h - Arcjolt               Conj/Air       24%        1d34      6%          5
i - Blink                 Tloc           50%        N/A       2%          2
j - Iskenderun's Battles  Conj           55%        2d11      2%          5

Your spell library contained the following spells:

 Spells                   Type           Power      Damage    Failure   Level
 Sandblast                Erth           100%       2d20      1%          1
 Passwall                 Tmut/Erth      28%        N/A       1%          2
 Static Discharge         Conj/Air       96%        2-6/arc   1%          2
 Stone Arrow              Conj/Erth      100%       3d13      1%          3
 Volatile Blastmotes      Fire/Tloc      96%        2d18      1%          3
 Frozen Ramparts          Ice            58%        1d9       3%          3
 Sigil of Binding         Hex            29%        N/A       3%          3
 Lee's Rapid Deconstruct  Erth           26%        3d14*     3%          5
 Airstrike                Air            19%        2d(3-19)  5%          4
 Manifold Assault         Tloc           25%        N/A       16%         4
 Passage of Golubria      Tloc           25%        N/A       16%         4
 Summon Lightning Spire   Summ/Air       26%        N/A       16%         4
 Bombard                  Conj/Erth      27%        9d5       19%         6
 Metabolic Englaciation   Hex/Ice        14%        N/A       34%         5
 Summon Mana Viper        Hex/Summ       21%        N/A       54%         5
 Lehudib's Crystal Spear  Conj/Erth      27%        10d7      100%        8
 Fire Storm               Conj/Fire      29%        8d8       100%        9


Dungeon Overview and Level Annotations

Branches:
Dungeon (1/1)

Altars:
Ashenzari
Cheibriados
Dithmenos
Elyvilon
Fedhas
Gozag
Hepliaklqana
Kikubaaqudgha
Makhleb
Nemelex Xobeh
Okawaru
Qazlal
Ru
Sif Muna
Trog
Uskayaw
Vehumet
Wu Jian
Xom
Yredelemnul
Zin
The Shining One
Jiyva
Lugonu


Innate Abilities, Weirdness & Mutations

You cannot wear most types of armour.
You are amphibious.
You can wear up to eight rings at the same time.
Your skin changes colour to match your surroundings (Stealth+).
Your rubbery body absorbs attacks. (AC +1, EV +1)
((You are camouflaged when in or above water. (Stealth+)))
You have tentacles for arms and can constrict up to eight enemies at once.


Message History

You are more poisoned.
You feel extremely sick.
Your battlesphere fires!
The barrage of energy hits the swamp dragon but does no damage.
The swamp dragon is severely wounded.
The swamp dragon is engulfed in blazing flames.
Flame seeps out of the swamp dragon.
The rime drake is engulfed in poison gas.
The rime drake is poisoned.
Unknown command.
Unknown command.
Unknown command.
Unknown command.
Unknown command.
Casting: Scorch (safe; 1% risk of failure)
Confirm with . or Enter, or press ? or * to list all spells.
You erupt in a blast of force!
The mystic blast hits the swamp dragon.
Flame seeps out of the swamp dragon.
The swamp dragon is almost dead.
The mystic blast hits the rime drake.
The rime drake is moderately wounded.
The rime drake is knocked back by the mystic blast.
The rime drake collides with the swamp dragon!
Flame seeps out of the swamp dragon.
The swamp dragon is almost dead.
The rime drake is moderately wounded.
You are engulfed in poison gas.
You are lethally poisoned!
You feel extremely sick.
Your battlesphere fires!
The barrage of energy hits the rime drake.
The rime drake is heavily wounded.
The swamp dragon is engulfed in blazing flames.
Sif Muna accepts your kill.
The swamp dragon scales are intact enough to wear.
The swamp dragon explodes!
The fiery explosion engulfs the rime drake!!
You kill the rime drake!
Sif Muna accepts your kill. The fiery explosion engulfs you!!
You die...

.......+ ...)...+
#......# .......#
''###### ''# #####
########
.÷###...###..'○☼☼#
...##...##..##☼*☼###
#...##'##..###○☼@○○#
##..........##☼○☼#☼°#
#..###'###...##+##
..# .)##....†##..# .#
..'.....††'..+ +
..##....)##..#
#..###+###...#
##.......)..##
#...##+##..##


You could see a friendly battlesphere.

Vanquished Creatures
  A two-headed ogre (D)
  A swamp dragon (D)
  A phantasmal warrior (D)
  An orc knight (D)
  A cane toad (D)
  A rime drake (D)
  A guardian mummy (D)
  2 hornets (D)
  4 dream sheep (D)
  A wraith (D)
  2 spriggans (D)
  A redback (D)
  3 orc warriors (D)
  A sky beast (D)
  7 wolves (D)
  A bullfrog (D)
  4 wights (D)
  A crimson imp (D)
  2 orc priests (D)
  2 jellies (D)
  Jessica (D)
  2 orc wizards (D)
  Terence (D)
  A gnoll (D)
  A river rat (D)
  2 adders (D)
  4 orcs (D)
  A bat (D)
  A bat skeleton (D)
  A bat zombie (D)
  3 goblins (D)
  2 hobgoblins (D)
  2 ball pythons (D)
  A ball python zombie (D)
61 creatures vanquished.

Vanquished Creatures (collateral kills)
  2 boulders (D)
2 creatures vanquished.

Vanquished Creatures (others)
  An orc (D)
  3 boulders (D)
  112 foxfires (D)
116 creatures vanquished.

Grand Total: 179 creatures vanquished

Notes
Turn   | Place    | Note
-------+----------+-------------------------------------------
     0 | D        | Conn the Octopode Fire Elementalist began the quest for the
                  | Orb.
     0 | D        | Reached XP level 1. HP: 11/11 MP: 3/3
    40 | D        | Found a glowing golden altar of the Shining One.
    40 | D        | Found a glowing silver altar of Zin.
    40 | D        | Found a basalt altar of Yredelemnul.
    40 | D        | Found a shimmering altar of Xom.
    40 | D        | Found an ornate altar of the Wu Jian Council.
    40 | D        | Found a bloodstained altar of Trog.
    40 | D        | Found a shimmering blue altar of Sif Muna.
    40 | D        | Found a sacrificial altar of Ru.
    40 | D        | Found a stormy altar of Qazlal.
    40 | D        | Found an iron altar of Okawaru.
    40 | D        | Found a sparkling altar of Nemelex Xobeh.
    40 | D        | Found a burning altar of Makhleb.
    40 | D        | Found a viscous altar of Jiyva.
    40 | D        | Found a hazy altar of Hepliaklqana.
    40 | D        | Found an opulent altar of Gozag.
    40 | D        | Found a blossoming altar of Fedhas.
    40 | D        | Found a white marble altar of Elyvilon.
    40 | D        | Found a shadowy altar of Dithmenos.
    40 | D        | Found a snail-covered altar of Cheibriados.
    41 | D        | Found a radiant altar of Vehumet.
    41 | D        | Found a corrupted altar of Lugonu.
    42 | D        | Found an ancient bone altar of Kikubaaqudgha.
    42 | D        | Found a hide-covered altar of Uskayaw.
    42 | D        | Found a broken altar of Ashenzari.
    43 | D        | Became a worshipper of Sif Muna the Loreminder
    77 | D        | Reached * piety under Sif Muna
   103 | D        | Reached XP level 2. HP: 17/17 MP: 5/5
   124 | D        | Reached ** piety under Sif Muna
   195 | D        | Reached skill level 3 in Spellcasting
   195 | D        | Reached XP level 3. HP: 21/21 MP: 3/7
   266 | D        | Learned a level 2 spell: Scorch
   270 | D        | Learned a level 3 spell: Inner Flame
   409 | D        | Noticed Terence
   416 | D        | Reached *** piety under Sif Muna
   416 | D        | Killed Terence
   417 | D        | Reached skill level 4 in Spellcasting
   417 | D        | Reached skill level 5 in Fire Magic
   417 | D        | Reached XP level 4. HP: 23/27 MP: 1/10
   458 | D        | Learned a level 4 spell: Flame Wave
   549 | D        | Reached **** piety under Sif Muna
   550 | D        | Reached skill level 5 in Stealth
   550 | D        | Reached skill level 1 in Hexes
   649 | D        | Reached skill level 5 in Spellcasting
   649 | D        | Reached XP level 5. HP: 23/31 MP: 0/12
   663 | D        | Reached skill level 1 in Short Blades
   665 | D        | Reached ***** piety under Sif Muna
   665 | D        | Identified Sif Muna's Monograph on Percussion and the
                  | Glacier (Sif Muna gifted it to you in the Dungeon)
   665 | D        | Received a gift from Sif Muna
   684 | D        | Learned a level 4 spell: Brom's Barrelling Boulder
   812 | D        | Noticed a guardian mummy
   826 | D        | Killed a guardian mummy
   827 | D        | Reached skill level 1 in Fighting
   827 | D        | Reached skill level 7 in Spellcasting
   827 | D        | Reached XP level 6. HP: 31/38 MP: 3/16
   827 | D        | Reached XP level 7. HP: 36/43 MP: 3/17
   835 | D        | Learned a level 1 spell: Freeze
   836 | D        | Noticed Jessica
   838 | D        | Killed Jessica
   841 | D        | Reached skill level 5 in Conjurations
   841 | D        | Reached skill level 1 in Ice Magic
   841 | D        | Reached skill level 5 in Invocations
   844 | D        | Reached skill level 8 in Spellcasting
   851 | D        | Noticed an orc knight
   851 | D        | Noticed a hornet
   873 | D        | Identified Sif Muna's Meditations on Destruction (Sif Muna
                  | gifted it to you in the Dungeon)
   873 | D        | Received a gift from Sif Muna
   879 | D        | Reached XP level 8. HP: 41/48 MP: 10/20
   882 | D        | Killed a hornet
   883 | D        | Reached skill level 9 in Spellcasting
   995 | D        | Learned a level 4 spell: Iskenderun's Mystic Blast
  1001 | D        | Learned a level 5 spell: Arcjolt
  1037 | D        | Killed an orc knight
  1038 | D        | Reached skill level 10 in Spellcasting
  1038 | D        | Reached skill level 5 in Earth Magic
  1042 | D        | Reached XP level 9. HP: 25/54 MP: 12/23
  1097 | D        | Identified Sif Muna's Vellum of Blinking Anathema (Sif Muna
                  | gifted it to you in the Dungeon)
  1097 | D        | Received a gift from Sif Muna
  1107 | D        | Learned a level 2 spell: Blink
  1403 | D        | Noticed a cane toad
  1408 | D        | Killed a cane toad
  1412 | D        | Noticed a two-headed ogre
  1416 | D        | Killed a two-headed ogre
  1417 | D        | Reached skill level 11 in Spellcasting
  1417 | D        | Reached skill level 10 in Fire Magic
  1552 | D        | Received a gift from Sif Muna
  1557 | D        | Noticed a phantasmal warrior
  1561 | D        | Learned a level 5 spell: Iskenderun's Battlesphere
  1591 | D        | Killed a phantasmal warrior
  1592 | D        | Reached skill level 12 in Spellcasting
  1592 | D        | Reached XP level 10. HP: 17/60 MP: 14/26
  1764 | D        | Reached skill level 5 in Dodging
  1765 | D        | Identified Sif Muna's Atlas of Fascination and the
                  | Geologist (Sif Muna gifted it to you in the Dungeon)
  1765 | D        | Received a gift from Sif Muna
  1766 | D        | Reached skill level 1 in Translocations
  1766 | D        | Reached skill level 5 in Air Magic
  1963 | D        | Reached ****** piety under Sif Muna
  1965 | D        | Received a gift from Sif Muna
  2056 | D        | Noticed a swamp dragon
  2060 | D        | Killed a swamp dragon
  2060 | D        | Killed by an exploding swamp dragon... ignited by their
                  | inner flame

Illustrated notes

Levels and vault maps discovered:
D:        pitsprint [storerooms_1, entrance_room_1, metal_vault_5, armoury_3,
          mini_pit_1, grid_room_1, main_hall_1, silver_pit, the_coven_3,
          the_vestibule_1, steel_vault_5, golden_pit, hallway_of_sentries,
          crystal_vault_4, iron_vault_2, final_vault]

Skill      XL: |  1  2  3  4  5  6  7  8  9 10 |
---------------+-------------------------------+-----
Stealth        | 3 4 5 6 |  6.0
Fire Magic     | 4 5 6 7 8 9 10 11 | 11.7
Spellcasting   | 3 4 5 7 8 10 12 | 12.2
Dodging        | 3 4 5 |  5.1
Conjurations   | 2 3 4 5 6 7 9 |  9.0
Invocations    | 2 4 6 7 8 9 |  9.4
Hexes          | 1 3 |  3.0
Short Blades   | 1 2 |  2.5
Fighting       | 1 |  1.7
Earth Magic    | 2 4 5 6 8 |  8.3
Ice Magic      | 3 |  3.0
Air Magic      | 2 4 5 |  5.0
Translocations | 2 |  2.2

Action                     |  1- 3 |  4- 6 |  7- 9 | 10-12 || total
---------------------------+-------+-------+-------+-------++-------
  Melee: Dagger            |    15 |    14 |     8 |       ||    37
         Constrict         |     3 |       |     1 |       ||     4
         Tentacles         |     3 |     1 |     1 |       ||     5
   Cast: Foxfire           |    10 |     9 |    42 |     8 ||    69
         Inner Flame       |     1 |     3 |    13 |     4 ||    21
         Scorch            |       |     6 |    16 |     7 ||    29
         Brom's Barrelling |       |       |     4 |     1 ||     5
         Blink             |       |       |     2 |     1 ||     3
         Iskenderun's Myst |       |       |     1 |     1 ||     2
         Iskenderun's Batt |       |       |       |     2 ||     2
         Flame Wave        |       |       |       |     2 ||     2
 Invoke: Channel Magic     |       |       |     3 |       ||     3
    Use: Potion            |     1 |     4 |     2 |       ||     7
         Scroll            |       |       |     2 |       ||     2
   Stab: Sleeping          |     2 |     1 |     7 |       ||    10
 Armour: Skin              |    10 |    15 |     7 |     4 ||    36
  Dodge: Dodged            |    12 |     5 |     9 |     8 ||    34

Table legend: (Time is in decaauts)
 A = Elapsed time spent in this place.
 B = Non-inter-level travel time spent in this place.
 C = Inter-level travel time spent in this place.
 D = Time resting spent in this place.
 E = Time spent auto-exploring this place.
 F = Levels seen in this place.
 G = Mean time per level.
                   A        B        C        D        E       F      G
               +--------+--------+--------+--------+--------+-----+--------+
         Total |   2049 |   2049 |      0 |   1009 |      0 |   1 | 2049.0 |
       Dungeon |   2049 |   2049 |      0 |   1009 |      0 |   1 | 2049.0 |
               +--------+--------+--------+--------+--------+-----+--------+

Top non-repeatable levels by time:
       D: 2049 daAuts
